 Dungeon Crawl Stone Soup version 0.23-a0-305-g7ffd15e (webtiles) character file.

47 Ijustatesigmund the Magician (level 3, 0/21 HPs)
             Began as an Octopode Wizard on Oct 9, 2018.
             Succumbed to an adder's poison
             ... on level 2 of the Dungeon.
             The game lasted 00:02:28 (1244 turns).

Ijustatesigmund the Magician (Octopode Wizard)      Turns: 1244, Time: 00:02:29

Health: 0/21       AC:  3    Str:  6    XL:     3   Next: 70%
Magic:  3/7        EV: 13    Int: 20    God:
Gold:   45         SH:  0    Dex: 11    Spells: 7/8 levels left

rFire    . . .     SeeInvis .   (no weapon)
rCold    + . .     Gourm    .   (no shield)
rNeg     . . .     Faith    .   a - +0 hat
rPois    .         Spirit   .   (no amulet)
rElec    .         Reflect  .   e - ring of protection from cold
rCorr    .         Harm     .   (no ring)
MR       .....     Clarity  +   (no ring)
Stlth    +++.......             (no ring)
HPRegen  0.07/turn              (no ring)
MPRegen  0.10/turn              (no ring)
                                (no ring)
                                (no ring)

@: lethally poisoned (0 -> -4), very slightly contaminated
A: almost no armour, stealthy swim, amphibious, 8 rings, constrict 8, tentacle
spike 1, icy blue scales 1, camouflage 1, clarity, deterioration 1, gelatinous
body 1
a: no special abilities


You were on level 2 of the Dungeon.
You were not hungry.

You visited 1 branch of the dungeon, and saw 2 of its levels.

You collected 45 gold pieces.

Inventory:

Armour
 a - a +0 hat (worn)
Jewellery
 e - a ring of protection from cold (left tentacle)
Scrolls
 d - a scroll of remove curse
Comestibles
 c - 2 rations
 f - a chunk of flesh


   Skills:
 - Level 2.0 Dodging
 - Level 2.7 Stealth
 - Level 3.2 Spellcasting
 + Level 3.1 Conjurations
   Level 1.0 Summonings
   Level 1.0 Translocations


You had 7 spell levels left.
You knew the following spells:

 Your Spells              Type           Power        Failure   Level  Hunger
a - Magic Dart            Conj           ###.         3%          1    None

Your spell library contained the following spells:

 Spells                   Type           Power        Failure   Level  Hunger
 Blink                    Tloc           N/A          14%         2    ##.....
 Call Imp                 Summ           #.......     14%         2    ##.....
 Slow                     Hex            #.......     22%         2    ##.....
 Conjure Flame            Conj/Fire      #.......     22%         3    ###....
 Mephitic Cloud           Conj/Pois/Air  #.......     26%         3    ###....


Dungeon Overview and Level Annotations

Branches:
Dungeon (2/15)

Altars:
Ashenzari


Innate Abilities, Weirdness & Mutations

You cannot wear most types of armour.
You are very stealthy in the water. (Stealth+)
You are amphibious.
You can wear up to eight rings at the same time.
You can use your tentacles to constrict eight enemies at once.
Your skin changes colour to match your surroundings (Stealth+).
Your rubbery body absorbs attacks. (AC +1, EV +1)
One of your tentacles bears a spike.
You are partially covered in icy blue scales. (AC +2)
You possess an exceptional clarity of mind.
Your body sometimes deteriorates upon taking damage.


Message History

It was a potion of mutation.
You feel extremely strange.
Your thoughts seem clearer.
One of your lower tentacles grows a sharp spike.
You feel yourself wasting away.
Icy blue scales grow over part of your body.
* * * LOW HITPOINT WARNING * * *
You feel sick. The adder misses you. The adder closely misses you.
Blink to where?
Press: ? - help, Dir - move target cursor You are very lightly contaminated with residual magic.
As you read the scroll labeled KYFUBR NOIM, it crumbles to dust.
It was a scroll of blinking.
A hobgoblin comes into view. It is wielding a club.
The hobgoblin moves out of view.
Found a scroll of remove curse.
Found an escape hatch in the floor.
* * * LOW HITPOINT WARNING * * *
You feel sick.
A quokka comes into view.
Found a ration.
You die...

## ..# #.# #...# #.# #
###...# #.# ..#
......#########.####..r#
...... ....%...>.......
.##r... ........@.....g.
......# ######.####...#
#..r#########.####...#
#..>K.K.S............
#...#########.......?
.##..######## #.######.
............. ..#
........#######.#
..####..........#


You could see a quokka (sleeping) and a hobgoblin (wandering).

Vanquished Creatures
  An iguana (D:2)
  An ooze (D:1)
  A worm (D:2)
  4 bats
  A giant cockroach (D:1)
  A hobgoblin (D:2)
  2 frilled lizards
  3 goblins
  3 rats (D:1)
17 creatures vanquished.

Notes
Turn   | Place    | Note
-------+----------+-------------------------------------------
     0 | D:1      | Ijustatesigmund the Octopode Wizard began the quest for the
                  | Orb.
     0 | D:1      | Reached XP level 1. HP: 11/11 MP: 4/4
   555 | D:1      | Reached XP level 2. HP: 17/17 MP: 3/6
  1078 | D:2      | Reached XP level 3. HP: 13/21 MP: 0/7
  1189 | D:2      | Found a shattered altar of Ashenzari.
  1239 | D:2      | Gained mutation: You possess an exceptional clarity of
                  | mind. [potion of mutation]
  1239 | D:2      | Gained mutation: One of your tentacles bears a spike.
                  | [potion of mutation]
  1239 | D:2      | Gained mutation: Your body sometimes deteriorates upon
                  | taking damage. [potion of mutation]
  1239 | D:2      | Gained mutation: You are partially covered in icy blue
                  | scales. (AC +2) [potion of mutation]
  1242 | D:2      | HP: 1/21 [poisoned by an adder]
  1244 | D:2      | Succumbed to an adder's poison

Vault maps used:
D:1:      dpeg_arrival_orchard
D:2:      cheibrodos_old_hovel, grunt_temple_overflow_order_and_chaos_1,
          ashenzari_altar_1, uniq_sigmund

Skill      XL: |  1  2  3 |
---------------+----------+-----
Conjurations   | 2 3 |  3.1
Dodging        | |  2.0
Stealth        | |  2.7
Spellcasting   | |  3.2
Summonings     | |  1.0
Translocations | |  1.0

Action                   || total
-------------------------++-------
Melee: Unarmed           ||    25
       Tentacles         ||     6
       Constrict         ||     3
 Cast: Magic Dart        ||    40
  Use: Scroll            ||     4
       Potion            ||     1
 Stab: Sleeping          ||     1
  Eat: Chunk             ||     1
Armor: Skin              ||     3
Dodge: Dodged            ||    24

Table legend:
 A = Non-vault XP
 B = Vault XP
 C = Vault XP percentage of total XP
 D = Non-vault monster count
 E = Vault monster count
 F = Vault count percentage of total count
                 A         B        C        D         E       F
            +---------+---------+-------+---------+---------+-------
      Total |      68 |       0 |   0.0 |      17 |       0 |   0.0
            +---------+---------+-------+---------+---------+-------
        D:1 |      21 |       0 |   0.0 |      11 |       0 |   0.0
        D:2 |      47 |       0 |   0.0 |       6 |       0 |   0.0
            +---------+---------+-------+---------+---------+-------
